 Dungeon Crawl Stone Soup version 0.26-a0-612-gd4d190f45e (webtiles) character file.

Game seed: 12892961749981526826

108 DogServant the Bolt Thrower (level 5, -6/30 HPs)
             Began as a Kobold Arcane Marksman on Sept 10, 2020.
             Mangled by Sigmund
             ... wielding a +1 vorpal scythe
              (10 damage)
             ... on level 3 of the Dungeon.
             The game lasted 00:13:45 (4802 turns).

DogServant the Bolt Thrower (KoAM)                  Turns: 4802, Time: 00:13:46

Health: -6/30      AC:  2    Str:  7    XL:     5   Next: 12%
Magic:  2/6        EV: 15    Int: 14    God:
Gold:   129        SH:  0    Dex: 17    Spells: 3/6 levels left

rFire    . . .     SeeInvis .   i - +0 short sword
rCold    . . .     Faith    .   (shield restricted)
rNeg     . . .     Spirit   .   e - +0 robe
rPois    .         Reflect  .   (no helmet)
rElec    .         Harm     .   (no cloak)
rCorr    .                      (no gloves)
MR       .....                  (no boots)
Stlth    ++........             (no amulet)
HPRegen  0.10/turn              (no ring)
MPRegen  0.10/turn              (no ring)

@: confused
A: small, nightstalker 3
a: no special abilities


You were on level 3 of the Dungeon.
You visited 1 branch of the dungeon, and saw 3 of its levels.

You collected 129 gold pieces.

Inventory:

Hand Weapons
 a - a +0 hand crossbow
 i - a +0 short sword (weapon)
 l - a +0 dagger
Missiles
 c - 24 arrows
 d - 13 bolts
 j - 7 curare-tipped darts
 u - 8 poisoned darts (quivered)
Armour
 e - a +0 robe (worn)
 s - a +0 pair of boots
 w - a cursed +0 helmet
Jewellery
 k - an uncursed ring of poison resistance {unknown}
 m - a +4 ring of protection {unknown}
Scrolls
 f - a scroll of blinking
 g - 2 scrolls of remove curse
 p - 2 scrolls of identify
 t - a scroll of fog {unknown}
 x - a scroll of teleportation {unknown}
 y - 3 scrolls of amnesia
Potions
 b - a potion of might {unknown}
 h - 2 potions of brilliance {unknown}
 q - 2 potions of ambrosia {unknown}
 r - 3 potions of mutation
 v - a potion of curing
 z - a potion of degeneration {unknown}
 A - a potion of berserk rage {unknown}


   Skills:
 + Level 2.3 Fighting
 + Level 1.7 Short Blades
 * Level 3.9 Crossbows
 - Level 2.7 Dodging
 + Level 2.7 Stealth
 - Level 1.1 Spellcasting
 - Level 3.1 Hexes


You had 3 spell levels left.
You knew the following spells:

 Your Spells              Type           Power        Failure   Level
a - Corona                Hex            #......      7%          1
b - Slow                  Hex            #.......     11%         2

Your spell library contained the following spells:

 Spells                   Type           Power        Failure   Level
 Inner Flame              Hex/Fire       #.......     38%         3
 Portal Projectile        Hex/Tloc       #.....       38%         3
 Cause Fear               Hex            #.........   56%         4
 Leda's Liquefaction      Hex/Erth       #.........   80%         4


Dungeon Overview and Level Annotations

Branches:
Dungeon (3/15)

Altars:
Dithmenos
Hepliaklqana
Makhleb
Vehumet

Annotations:
D:3 Sigmund


Innate Abilities, Weirdness & Mutations

You are small and have problems with some larger weapons.
You are completely attuned to the shadows.


Message History

You throw a poisoned dart. The poisoned dart hits Sigmund.
Sigmund is moderately wounded.
Okay, then.
a - a +0 hand crossbow (weapon)
Sigmund casts a spell.
Sigmund flickers and vanishes!
Deactivating autopickup; reactivate with Ctrl-A.
i - a +0 short sword (weapon)
Something hits you!
You miss something. You barely miss something.
You hear some strange, mumbled words.
You are confused.
You bump into the rock wall.
You hit something. Something barely misses you.
You bump into the rock wall.
Something hits you!
* * * LOW HITPOINT WARNING * * *
x2 You're too confused!
Something hits you!
You die...

####)##.
########.....#.
####............#.
#............<....
#.#####>###.....##
#.# #.###.....#
#.# #...###..###
#.# #..........#
#@#####...###..#.#
#..{((...........[
###..###..###.....
#..# #..###.....
#..###..........
#............##.
#.####.###..###
#(####.........
#.......##.####


There were no monsters in sight!

Vanquished Creatures
  An adder (D:3)
  2 worms (D:2)
  2 dart slugs
  7 leopard geckos
  4 orcs (D:3)
  8 bats
  16 giant cockroaches
  7 goblins
  3 hobgoblins
  3 jackals (D:1)
  5 kobolds
  A quokka (D:2)
  2 frilled lizards
  11 rats
72 creatures vanquished.

Notes
Turn   | Place    | Note
-------+----------+-------------------------------------------
     0 | D:1      | DogServant the Kobold Arcane Marksman began the quest for
                  | the Orb.
     0 | D:1      | Reached XP level 1. HP: 12/12 MP: 2/2
   212 | D:1      | Reached skill level 1 in Stealth
   212 | D:1      | Reached XP level 2. HP: 16/16 MP: 3/3
   682 | D:1      | Reached XP level 3. HP: 21/21 MP: 4/4
  1858 | D:2      | Reached XP level 4. HP: 26/26 MP: 5/5
  2118 | D:2      | Reached skill level 1 in Short Blades
  2610 | D:2      | Found a burning altar of Makhleb.
  2610 | D:2      | Found a radiant altar of Vehumet.
  3166 | D:2      | Found a hazy altar of Hepliaklqana.
  3167 | D:2      | Found a shadowy altar of Dithmenos.
  3167 | D:2      | Noticed a shadow
  3422 | D:3      | Learned a level 2 spell: Slow
  3473 | D:3      | Reached XP level 5. HP: 30/30 MP: 6/6
  4023 | D:3      | Noticed Sigmund
  4802 | D:3      | Mangled by Sigmund

Illustrated notes

Levels and vault maps discovered:
D:1:      dpeg_arrival_chambers_temple_mockup, layout_basic
D:2:      minmay_roachtagon, layout_loops_ring, gammafunk_temple_overflow_pools,
          riverfiend_overflow_shadow_ancestor, minmay_quadrilaterals
D:3:      layout_loops_ring, uniq_sigmund

Skill      XL: |  1  2  3  4 |
---------------+-------------+-----
Stealth        | 1 2 |  2.7
Crossbows      | 3 |  3.9
Short Blades   | 1 |  1.7
Fighting       | 2 |  2.3
Dodging        | |  2.7
Spellcasting   | |  1.1
Hexes          | |  3.1

Action                   |  1- 3 |  4- 6 || total
-------------------------+-------+-------++-------
Melee: Club              |    19 |       ||    19
       Short sword       |    38 |   120 ||   158
       Dagger            |    20 |    18 ||    38
 Fire: Hand crossbow     |    24 |    10 ||    34
Throw: Dart              |     1 |    14 ||    15
 Cast: Corona            |     5 |     1 ||     6
       Slow              |       |     2 ||     2
  Use: Scroll            |     1 |     6 ||     7
 Stab: Sleeping          |     9 |    13 ||    22
Armor: Robe              |    20 |    37 ||    57
Dodge: Dodged            |    68 |   164 ||   232

Table legend: (Time is in decaauts)
 A = Elapsed time spent in this place.
 B = Non-inter-level travel time spent in this place.
 C = Inter-level travel time spent in this place.
 D = Time resting spent in this place.
 E = Time spent auto-exploring this place.
 F = Levels seen in this place.
 G = Mean time per level.
                   A        B        C        D        E       F      G
               +--------+--------+--------+--------+--------+-----+--------+
         Total |   4822 |   4693 |    129 |    803 |   3011 |   3 | 1607.3 |
       Dungeon |   4822 |   4693 |    129 |    803 |   3011 |   3 | 1607.3 |
               +--------+--------+--------+--------+--------+-----+--------+

Top non-repeatable levels by time:
     D:2: 2592 daAuts
     D:1: 1335 daAuts
     D:3: 895 daAuts
